 Dungeon Crawl Stone Soup version 0.28.0-45-g0d030f2227 (webtiles) character file.

Game seed: 15007278935126839217

458 prikolics the Covert (level 7, 0/59 HPs)
             Began as a Gnoll Delver on Apr 19, 2022.
             Was a Follower of Ashenzari.
             Succumbed to a water moccasin's poison
             ... on level 5 of the Dungeon.
             The game lasted 00:25:28 (4789 turns).

prikolics the Covert (Gnoll Delver)                 Turns: 4789, Time: 00:25:29

Health: 0/59       AC:  3    Str: 11    XL:     7   Next: 6%
Magic:  19/19      EV: 13    Int: 12    God:    Ashenzari [*.....]
Gold:   210        SH:  0    Dex: 13    Spells: 8/10 levels left

rFire   + . .      SeeInvis .   n - +0 falchion (elec)
rCold   + . .      Faith    .   (no shield)
rNeg    . . .      Spirit   .   b - +0 leather armour of Ashenzari's Seer {Comp, Elem} (curse)
rPois   +          Reflect  .   (no helmet)
rElec   +          Harm     .   (no cloak)
rCorr   +          Rampage  .   (no gloves)
Will    .....                   (no boots)
Stlth   ++++......              (no amulet)
HPRegen 0.19/turn               h - ring of the Soothsayer {MP+9, Cun, Fort} (curse)
MPRegen 0.16/turn               (no ring)

@: lethally poisoned (0 -> -9), resistant
A: fangs 1, strong nose, distributed training
a: Renounce Religion, Curse Item, Shatter the Chains


You were on level 5 of the Dungeon.
You worshipped Ashenzari.
Ashenzari was aware of your devotion.
You visited 1 branch of the dungeon, and saw 6 of its levels.

You collected 210 gold pieces.

Inventory:

Hand Weapons
 a - a +0 spear
 n - a +0 falchion of electrocution (weapon)
 o - a +1 mace of protection
 q - the +3 mace "Udun" {venom, Drain *Slow rElec Dex+7}
   (You found it on level 4 of the Dungeon)

   It poisons the flesh of those it strikes.
   Dex:       It affects your dexterity (+7).
   rElec:     It insulates you from electricity.
   Drain:     It drains your maximum health when unequipped.
   *Slow:     It may slow you when you take damage.
 u - a +2 dagger of speed
 y - a +2 dagger of speed
Missiles
 p - 3 datura-tipped darts
 r - 4 javelins
 x - 5 boomerangs (quivered)
Armour
 b - the cursed +0 leather armour of Ashenzari's Seer (worn) {Comp, Elem}

   It has a curse which improves the following skills: Companions: Summonings
   and Necromancy.
   Elements:  Fire Magic, Ice Magic, Air Magic and Earth Magic.
Magical Staves
 k - a staff of earth
Jewellery
 h - the cursed ring of the Soothsayer (left hand) {MP+9, Cun, Fort}
   (You found it on level 5 of the Dungeon)

   [ring of magical power]

   MP:        It affects your magic capacity (+9).
   It has a curse which improves the following skills: Cunning: Dodging and
   Stealth.
   Fortitude: Armour and Shields.
Wands
 g - a wand of digging (3)
 t - a wand of flame (9)
Scrolls
 c - a scroll of fog
 d - 3 scrolls of magic mapping
 e - 2 scrolls of fear
 l - 2 scrolls of teleportation
 v - 2 scrolls of vulnerability
 w - a scroll of silence
Potions
 f - a potion of haste
 i - a potion of might
 m - a potion of mutation
 s - a potion of brilliance
 z - a potion of invisibility


   Skills:
 + Level 6.9 Fighting
 + Level 2.2 Short Blades
 + Level 2.2 Long Blades
 + Level 2.2 Axes
 + Level 2.2 Maces & Flails
 + Level 5.1 Polearms
 + Level 2.2 Staves
 + Level 2.2 Slings
 + Level 2.2 Bows
 + Level 2.2 Crossbows
 + Level 2.2 Throwing
 + Level 2.2(2.9) Armour
 + Level 5.1(5.9) Dodging
 + Level 9.8(10.7) Stealth
 + Level 2.2(2.9) Shields
 + Level 2.2 Unarmed Combat
 + Level 2.2 Spellcasting
 + Level 1.8 Conjurations
 + Level 1.8 Hexes
 + Level 1.8(2.4) Summonings
 + Level 1.8(2.4) Necromancy
 + Level 1.8 Translocations
 + Level 1.8 Transmutations
 + Level 1.8(2.4) Fire Magic
 + Level 1.8(2.4) Ice Magic
 + Level 1.8(2.4) Air Magic
 + Level 1.8(2.4) Earth Magic
 + Level 1.8 Poison Magic
 + Level 2.5 Invocations
 + Level 2.2 Evocations


You had 8 spell levels left.
You knew the following spells:

 Your Spells              Type           Power      Damage    Failure   Level
a - Blink                 Tloc           10%        N/A       24%         2

Your spell library contained the following spells:

 Spells                   Type           Power      Damage    Failure   Level
 Confusing Touch          Hex            5%         N/A       43%         3
 Manifold Assault         Tloc           5%         N/A       99%         5
 Yara's Violent Unravell  Hex/Tmut       2%         3d3       99%         5
 Dispersal                Tloc           2%         N/A       100%        6
 Enfeeble                 Hex            2%         N/A       100%        7
 Storm Form               Tmut/Air       3%         N/A       100%        7
 Disjunction              Tloc           2%         N/A       100%        8


Dungeon Overview and Level Annotations

Branches:
Dungeon (6/15)
 Temple: D:4-7

Altars:
Ashenzari
Fedhas
Hepliaklqana
Xom
Yredelemnul

Shops:
D:4 =


Innate Abilities, Weirdness & Mutations

You have very sharp teeth.
Your uncanny sense of smell can sniff out nearby items.
Your experience applies equally to all skills.


Message History

You hear the crackle of electricity.
n - a +0 falchion of electrocution (weapon)
You feel sick.
You miss the water moccasin.
You bite the water moccasin, but do no damage.
You feel very sick.
The water moccasin bites you but does no damage.
The water moccasin bites you.
You are more poisoned.
The water moccasin poisons you!
You hit the water moccasin.
Lightning courses through the water moccasin!
The water moccasin is heavily wounded.
You feel extremely sick. The water moccasin misses you. x2
You barely miss the water moccasin.
The water moccasin is heavily wounded.
You feel very sick. The water moccasin bites you.
You are lethally poisoned!
The water moccasin poisons you!
You hit the water moccasin but do no damage.
The water moccasin is heavily wounded.
You feel extremely sick.
The water moccasin bites you but does no damage.
The water moccasin bites you.
* * * LOW HITPOINT WARNING * * *
Okay, then.
As you read the scroll of fear, it crumbles to dust.
You assume a fearsome visage.
The water moccasin looks frightened!
* * * LOW HITPOINT WARNING * * *
You feel very sick.
You feel protected.
* * * LOW HITPOINT WARNING * * *
You feel very sick.
* * * LOW HITPOINT WARNING * * *
You feel very sick.
* * * LOW HITPOINT WARNING * * *
You feel very sick.
You die...

#####.####
#.# #.# #Z#
#.# #.# #.#
#.#
#.####### #.
#........
#..######
#....#
#.##@#
#.##.#
#.##S# .
#.##.# ...##
#.##.##
.....
#.#...######
.s...
#...#......#
.....
###...######
...## ##..#
.


You could see a water moccasin (fleeing).

Vanquished Creatures
  A water moccasin skeleton (D:5)
  A hound (D:4)
  An orc priest (D:4)
  2 centaur skeletons (D:4)
  Ijyb (D:4)
  4 orc wizards
  An adder (D:2)
  5 gnolls
  An ufetubus (D:4)
  2 dart slugs
  14 orcs
  9 ball pythons
  6 bats
  6 endoplasms
  6 giant cockroaches (D:1)
  12 goblins
  7 hobgoblins
  3 jackals (D:2)
  3 quokkas
  A frilled lizard (D:3)
  4 kobolds
  4 rats
  A spectral orc (D:3)
95 creatures vanquished.

Notes
Turn   | Place    | Note
-------+----------+-------------------------------------------
     0 | D:5      | Reached skill level 9 in Stealth
     0 | D:5      | prikolics the Gnoll Delver began the quest for the Orb.
     0 | D:5      | Reached XP level 1. HP: 23/23 MP: 1/1
    62 | D:5      | Reached skill level 1 in Invocations
    62 | D:5      | Reached XP level 2. HP: 5/29 MP: 3/3
    62 | D:5      | Reached XP level 3. HP: 6/35 MP: 4/4
   401 | D:5      | Found a hazy altar of Hepliaklqana.
   478 | D:4      | Found a blossoming altar of Fedhas.
   499 | D:4      | Reached skill level 1 in Short Blades
   499 | D:4      | Reached skill level 1 in Long Blades
   499 | D:4      | Reached skill level 1 in Axes
   499 | D:4      | Reached skill level 1 in Maces & Flails
   499 | D:4      | Reached skill level 1 in Staves
   499 | D:4      | Reached skill level 1 in Slings
   499 | D:4      | Reached skill level 1 in Bows
   499 | D:4      | Reached skill level 1 in Crossbows
   499 | D:4      | Reached skill level 1 in Throwing
   499 | D:4      | Reached skill level 1 in Armour
   499 | D:4      | Reached skill level 1 in Shields
   499 | D:4      | Reached skill level 1 in Unarmed Combat
   499 | D:4      | Reached skill level 1 in Spellcasting
   499 | D:4      | Reached skill level 1 in Evocations
   646 | D:4      | Reached XP level 4. HP: 30/41 MP: 5/5
   850 | D:5      | Found a shimmering altar of Xom.
   850 | D:5      | Noticed a scorpion
   881 | D:5      | Reached skill level 1 in Conjurations
   881 | D:5      | Reached skill level 1 in Hexes
   881 | D:5      | Reached skill level 1 in Summonings
   881 | D:5      | Reached skill level 1 in Necromancy
   881 | D:5      | Reached skill level 1 in Translocations
   881 | D:5      | Reached skill level 1 in Transmutations
   881 | D:5      | Reached skill level 1 in Fire Magic
   881 | D:5      | Reached skill level 1 in Ice Magic
   881 | D:5      | Reached skill level 1 in Air Magic
   881 | D:5      | Reached skill level 1 in Earth Magic
   881 | D:5      | Reached skill level 1 in Poison Magic
  1105 | D:5      | Reached XP level 5. HP: 38/47 MP: 6/6
  1238 | D:4      | Found a broken altar of Ashenzari.
  1246 | D:4      | Became a worshipper of Ashenzari the Shackled
  1302 | D:4      | Noticed Ijyb
  1331 | D:4      | Killed Ijyb
  1588 | D:5      | Noticed a water moccasin
  1655 | D:6      | Noticed a water moccasin
  1673 | D:6      | Noticed a kobold brigand
  1726 | D:4      | Found Cosyaq's One-of-a-Kind Rings.
  1728 | D:4      | Identified the +3 mace "Udun" {venom, Drain *Slow rElec
                  | Dex+7}
  2031 | D:4      | Reached XP level 6. HP: 53/53 MP: 8/8
  2151 | D:4      | Reached skill level 5 in Polearms
  2151 | D:4      | Reached skill level 5 in Dodging
  2901 | D:3      | Found a faded altar of an unknown god.
  2930 | D:3      | Found a basalt altar of Yredelemnul.
  2967 | D:3      | You fall into a shaft and drop 1 floor!
  3723 | D:2      | Reached * piety under Ashenzari
  4011 | D:1      | Learned a level 2 spell: Blink
  4058 | D:1      | Reached XP level 7. HP: 59/59 MP: 10/10
  4788 | D:5      | HP: 2/59 [poisoned by a water moccasin]
  4789 | D:5      | Succumbed to a water moccasin's poison

Illustrated notes

Levels and vault maps discovered:
D:1:      evilmike_arrival_crescent, layout_basic,
          amcnicky_mini_rare_corridor_liquid, minmay_worlds_worst_comb
D:2:      layout_basic
D:3:      layout_loops_ring, yredelemnul_forgotten_temple_becter,
          nicolae_ecumenical_oubliette
D:4:      layout_loops_ring, mainiacjoe_overflow_24_doors,
          mainiacjoe_overflow_six_doors_small, nicolae_shop_unique_rings,
          uniq_ijyb
D:5:      layout_loops_ring, doesnt_xom_only_xom, lemuel_tele_altar
D:6:      layout_rooms, minmay_temple_entry_overgrown

Skill      XL: |  1  2  3  4  5  6 |
---------------+-------------------+-----
Stealth        | |  9.8
Invocations    | 1 2 |  2.5
Short Blades   | 1 2 |  2.2
Long Blades    | 1 2 |  2.2
Axes           | 1 2 |  2.2
Maces & Flails | 1 2 |  2.2
Staves         | 1 2 |  2.2
Slings         | 1 2 |  2.2
Bows           | 1 2 |  2.2
Crossbows      | 1 2 |  2.2
Throwing       | 1 2 |  2.2
Armour         | 1 2 |  2.2
Shields        | 1 2 |  2.2
Unarmed Combat | 1 2 |  2.2
Spellcasting   | 1 2 |  2.2
Evocations     | 1 2 |  2.2
Conjurations   | 1 |  1.8
Hexes          | 1 |  1.8
Summonings     | 1 |  1.8
Necromancy     | 1 |  1.8
Translocations | 1 |  1.8
Transmutations | 1 |  1.8
Fire Magic     | 1 |  1.8
Ice Magic      | 1 |  1.8
Air Magic      | 1 |  1.8
Earth Magic    | 1 |  1.8
Poison Magic   | 1 |  1.8
Polearms       | 5 |  5.1
Dodging        | 5 |  5.1
Fighting       | |  6.9

Action                   |  1- 3 |  4- 6 |  7- 9 || total
-------------------------+-------+-------+-------++-------
Melee: Spear             |    13 |       |       ||    13
       Bite              |     4 |    29 |     4 ||    37
       Staff             |    16 |     4 |       ||    20
       Punch             |     1 |     5 |     1 ||     7
       Mace              |       |   195 |       ||   195
       Dagger            |       |   124 |    44 ||   168
       Falchion          |       |       |     4 ||     4
Throw: Javelin           |       |     4 |       ||     4
Invok: Curse Item        |       |     2 |       ||     2
  Use: Scroll            |     1 |     6 |     1 ||     8
       Potion            |       |     2 |     1 ||     3
 Stab: Sleeping          |       |    19 |    11 ||    30
Armor: Leather armour    |     8 |    94 |    12 ||   114
Dodge: Dodged            |    23 |   174 |    20 ||   217
